 Dungeon Crawl Stone Soup version 0.30-a0-799-g109b55a442 (webtiles) character file.

Game seed: 16901063904714375877

920 cheesebisquit the Digger (level 8, -1/48 HPs)
             Began as a Gargoyle Earth Elementalist on Feb 20, 2023.
             Slain by a wight
             ... wielding a +2 scimitar of freezing
              (4 damage)
             ... on level 6 of the Dungeon.
             The game lasted 00:15:00 (4503 turns).

cheesebisquit the Digger (GrEE)                     Turns: 4503, Time: 00:15:01

Health: -1/48      AC: 10    Str: 13    XL:     8   Next: 10%
Magic:  10/15      EV: 11    Int: 17    God:
Gold:   290        SH:  0    Dex: 10    Spells: 12/16 levels left

rFire   . . .      SeeInvis +    u - +2 quarterstaff (chaos)
rCold   . . .      Faith    .    (shield currently unavailable)
rNeg    + + .      Spirit   .    a - +0 robe
rPois   ∞          Reflect  .    n - +0 helmet
rElec   +          Harm     .    o - +0 cloak
rCorr   .          Rampage  .    (no gloves)
Will    .....                    C - +0 pair of boots
Stlth   ++                       (no amulet)
HPRegen 0.28/turn                v - ring of see invisible
MPRegen 0.14/turn                t - ring of positive energy

@: no status effects
A: sickness immunity, AC +5, negative energy resistance 1, electricity
resistance, torment resistance 1, petrification resistance
a: no special abilities


You were on level 6 of the Dungeon.
You visited 1 branch of the dungeon, and saw 6 of its levels.

You collected 290 gold pieces.

Inventory:

Hand Weapons
 f - a +0 club
 m - a +1 dagger of venom
 u - a +2 quarterstaff of chaos (weapon)
Missiles
 r - 12 poisoned darts
Armour
 a - a +0 robe (worn)
 n - a +0 helmet (worn)
 o - a +0 cloak (worn)
 C - a +0 pair of boots (worn)
Jewellery
 e - a +4 ring of slaying
 t - a ring of positive energy (right hand)
 v - a ring of see invisible (left hand)
Wands
 B - a wand of charming (15)
Scrolls
 c - a scroll of fear {unknown}
 d - 3 scrolls of fog
 h - a scroll of blinking {unknown}
 l - a scroll of vulnerability {unknown}
 p - a scroll of amnesia {unknown}
 s - a scroll of enchant weapon {unknown}
 w - a scroll of teleportation {unknown}
 x - a scroll of torment
 y - a scroll of butterflies {unknown}
 E - a scroll of immolation {unknown}
 F - a scroll of enchant armour {unknown}
Potions
 b - a potion of magic
 g - 3 potions of heal wounds
 i - 3 potions of haste
 k - a potion of attraction
 q - a potion of flight
 z - a potion of lignification
 A - a potion of brilliance
 D - a potion of cancellation


   Skills:
 + Level 4.9 Fighting
 + Level 3.4 Staves
 - Level 1.5 Dodging
 - Level 2.1 Stealth
 + Level 4.6 Spellcasting
 - Level 0.7 Transmutations
 + Level 6.7 Earth Magic


You had 12 spell levels left.
You knew the following spells:

 Your Spells              Type           Power      Damage    Failure   Level
a - Sandblast             Erth           52%        2d12      1%          1
b - Stone Arrow           Conj/Erth      30%        3d8       11%         3

Your spell library contained the following spells:

 Spells                   Type           Power      Damage    Failure   Level
 Passwall                 Tmut/Erth      13%        N/A       4%          2
 Kiss of Death            Conj/Necr      12%        2d6       14%         1
 Magic Dart               Conj           12%        1d3       14%         1
 Call Imp                 Summ           3%         N/A       22%         2
 Petrify                  Tmut/Erth      16%        N/A       32%         4
 Confusing Touch          Hex            3%         N/A       41%         3
 Mephitic Cloud           Conj/Pois/Air  3%         N/A       41%         3
 Dispel Undead            Necr           3%         3d7       82%         4


Dungeon Overview and Level Annotations

Branches:
Dungeon (6/15)
 Temple: D:4-7

Altars:
The Shining One

Annotations:
D:5 2 runed translucent doors, greasedhog's ghost, amateur GrTm


Innate Abilities, Weirdness & Mutations

You are immune to sickness and miasma.
Your stone body is resilient. (AC +5)
You are immune to poison.
You resist negative energy. (rN+)
You are resistant to electric shocks. (rElec)
You are resistant to unholy torment.
You are immune to petrification.


Message History

You kill the electric eel!
You hear a splash.
Magic restored.
There is a stone staircase leading down here.
You enter the shallow water.
Moving in this stuff is going to be slow. 3 wights come into view.
A wight is wielding a +2 scimitar of freezing.
Okay, then.
The blast of sand hits the wight.
The wight is lightly damaged.
The blast of sand hits the wight but does no damage.
The blast of sand hits the wight.
The wight is lightly damaged.
The wight barely misses you. The wight attacks as you move away!
The wight hits you with a +2 scimitar of freezing.
The wight freezes you.
The blast of sand hits the wight.
The wight is moderately damaged.
The wight hits you with a +2 scimitar of freezing!
The wight freezes you.
The blast of sand hits the wight.
The wight is heavily damaged.
The wight hits you from afar with a +3 trident!
The wight hits you but does no damage. x2
The wight hits you from afar with a +3 trident!
* * * LOW HITPOINT WARNING * * *
You are too injured to fight recklessly!
You are too injured to fight recklessly!
Aiming: Sandblast (safe; 1% risk of failure)
Press: ? - help, Q - select action, (/) - cycle Shift-Dir - straight line, f/p - wight
Aim: a wight, wielding a +2 scimitar of freezing and wearing a +0 robe (heavily damaged, 83% to hit)
The blast of sand hits the wight.
The wight is severely damaged.
The wight barely misses you.
The wight hits you with a +2 scimitar of freezing!
* * * LOW HITPOINT WARNING * * *
The wight freezes you.
You die...

#+# #.. #.# #.# #.# #.#
##.### #.#
##....########.#
#.#######..............#
#...z.zz##....##########
#z###..## #@####.#
#......# ########


You could see 3 wights.

Vanquished Creatures
  Eustachio (D:4)
  An ice beast (D:5)
  3 scorpions
  An electric eel (D:6)
  A hound (D:5)
  2 jellies (D:5)
  Crazy Yiuf (D:2)
  5 iguanas
  An orc wizard (D:4)
  Robin (D:2)
  3 gnolls (D:3)
  7 adders
  2 white imps (D:5)
  2 worms (D:4)
  2 dart slugs (D:1)
  4 orcs (D:5)
  8 ball pythons
  4 bats
  5 endoplasms
  4 giant cockroaches
  13 goblins
  6 hobgoblins
  5 quokkas
  5 frilled lizards
  8 kobolds
  9 rats
104 creatures vanquished.

Vanquished Creatures (others)
  A fungus (D:2)
  4 plants (D:6)
5 creatures vanquished.

Grand Total: 109 creatures vanquished

Notes
Turn   | Place    | Note
-------+----------+-------------------------------------------
     0 | D:1      | cheesebisquit the Gargoyle Earth Elementalist began the
                  | quest for the Orb.
     0 | D:1      | Reached XP level 1. HP: 10/10 MP: 3/3
    39 | D:1      | Reached XP level 2. HP: 14/16 MP: 0/5
   128 | D:1      | Reached skill level 1 in Fighting
   139 | D:1      | Reached skill level 4 in Earth Magic
   320 | D:1      | Reached XP level 3. HP: 20/20 MP: 2/6
   953 | D:2      | Noticed Robin
   959 | D:2      | Reached XP level 4. HP: 22/26 MP: 1/8
   962 | D:2      | Killed Robin
  1885 | D:2      | Found a runed translucent door.
  1886 | D:2      | Noticed Crazy Yiuf
  1892 | D:2      | Killed Crazy Yiuf
  1893 | D:2      | Reached XP level 5. HP: 31/31 MP: 5/9
  1969 | D:3      | Reached skill level 5 in Earth Magic
  2266 | D:3      | Found a faded altar of an unknown god.
  2399 | D:3      | Reached skill level 1 in Staves
  2399 | D:3      | Reached XP level 6. HP: 29/37 MP: 0/11
  2581 | D:3      | Learned a level 3 spell: Stone Arrow
  2623 | D:3      | Found a glowing golden altar of the Shining One.
  3218 | D:4      | Noticed Eustachio
  3257 | D:4      | Killed Eustachio
  3258 | D:4      | Reached XP level 7. HP: 26/42 MP: 9/13
  3491 | D:5      | Entered Level 5 of the Dungeon
  3508 | D:5      | Reached skill level 6 in Earth Magic
  3703 | D:5      | Found the +7 Throatcutter {drain, coup de grace}
  3724 | D:5      | Found a runed translucent door.
  3893 | D:5      | Identified the +9 flail "Forepp" {heavy, rN++ Str+4}
  3927 | D:5      | Identified the +1 ring mail of the Blizzard {+Inv}
  3956 | D:5      | Reached XP level 8. HP: 35/48 MP: 9/14
  4001 | D:5      | Found a runed translucent door.
  4002 | D:5      | Noticed greasedhog's ghost (amateur GrTm)
  4503 | D:6      | Slain by a wight

Illustrated notes

Levels and vault maps discovered:
D:1:      onia_arrival_handbag, layout_rooms, minmay_tromino_i4
D:2:      layout_loops_ring, st_stairs_5, mrwooster_statue_mirror, minivault_23,
          uniq_robin, uniq_crazy_yiuf_cottage
D:3:      layout_rooms, tso_oasis_becter, hellmonk_ecumenical_altar_zigzags,
          hex_intersection, minivault_23, grunt_decor_clamped
D:4:      layout_cave_pools, uniq_eustachio
D:5:      layout_cave_pools, ebering_ghost_sewer_f
D:6:      layout_loops_corners, mainiacjoe_overflow_boulevard, serial_bayou,
          serial_bayou_lake_a, serial_bayou_pond_b, serial_bayou_lagoon_a,
          serial_bayou_lagoon_b

Skill      XL: |  1  2  3  4  5  6  7 |
---------------+----------------------+-----
Fighting       | 1 2 3 4 |  4.9
Earth Magic    | 4 5 6 |  6.7
Spellcasting   | 3 4 |  4.6
Staves         | 1 2 3 |  3.4
Dodging        | |  1.5
Stealth        | |  2.1
Transmutations | |  0.7

Action                     |  1- 3 |  4- 6 |  7- 9 || total
---------------------------+-------+-------+-------++-------
  Melee: Unarmed           |     8 |       |       ||     8
         Club              |     5 |     5 |       ||    10
         Dagger            |       |     5 |       ||     5
   Cast: Sandblast         |    49 |    80 |    60 ||   189
    Use: Scroll            |       |       |     8 ||     8
 Armour: Robe              |     6 |    39 |     9 ||    54
  Dodge: Dodged            |     8 |    39 |    26 ||    73

Table legend: (Time is in decaauts)
 A = Elapsed time spent in this place.
 B = Non-inter-level travel time spent in this place.
 C = Inter-level travel time spent in this place.
 D = Time resting spent in this place.
 E = Time spent auto-exploring this place.
 F = Levels seen in this place.
 G = Mean time per level.
                   A        B        C        D        E       F      G
               +--------+--------+--------+--------+--------+-----+--------+
         Total |   4599 |   4424 |    175 |    172 |   3530 |   6 |  766.5 |
       Dungeon |   4599 |   4424 |    175 |    172 |   3530 |   6 |  766.5 |
               +--------+--------+--------+--------+--------+-----+--------+

Top non-repeatable levels by time:
     D:2: 1119 daAuts
     D:1: 884 daAuts
     D:4: 837 daAuts
     D:3: 795 daAuts
     D:5: 784 daAuts
     D:6: 178 daAuts
